 Dungeon Crawl Stone Soup version 0.24-a0-201-gf205589 (webtiles) character file.

Game seed: 5474860246038094875

43 Borgoz the Skirmisher (level 3, -5/31 HPs)
             Began as a Ghoul Monk on Mar 22, 2019.
             Killed by divine providence
             ... invoked by an orc priest
              (17 damage)
             ... on level 2 of the Dungeon.
             The game lasted 00:02:47 (961 turns).

Borgoz the Skirmisher (Ghoul Monk)                   Turns: 961, Time: 00:02:48

Health: -5/31      AC:  8    Str: 14    XL:     3   Next: 58%
Magic:  2/2        EV:  7    Int:  6    God:
Gold:   43         SH:  0    Dex: 11    Spells: 2/2 levels left

rFire    . . .     SeeInvis .   a - +0 short sword
rCold    + . .     Gourm    .   (no shield)
rNeg     + + +     Faith    .   j - +0 chain mail
rPois    ∞         Spirit   .   (no helmet)
rElec    .         Reflect  .   (no cloak)
rCorr    .         Harm     .   (no gloves)
MR       .....                  (no boots)
Stlth    ..........             (no amulet)
HPRegen  0.00/turn              (no ring)
MPRegen  0.08/turn              (no ring)

@: rotting
A: rotting body, claws 1, carnivore, cold resistance 1, negative energy
resistance 3, inhibited regeneration, torment resistance, unbreathing
a: no special abilities


You were on level 2 of the Dungeon.
You were not hungry.

You visited 1 branch of the dungeon, and saw 2 of its levels.

You collected 43 gold pieces.

Inventory:

Hand Weapons
 a - a +0 short sword (weapon)
Armour
 j - a +0 chain mail (worn)
Potions
 d - a potion of curing {unknown}
 e - a potion of agility {unknown}
 h - a potion of heal wounds {unknown}
Comestibles
 c - 6 rations
 i - 2 chunks of flesh


   Skills:
 + Level 3.6 Fighting
 * Level 3.2 Short Blades
 * Level 1.3 Armour
 + Level 2.9 Dodging
 - Level 2.1 Stealth


You had 2 spell levels left.
You didn't know any spells.
Your spell library was empty.

Dungeon Overview and Level Annotations

Branches:
Dungeon (2/15)

Altars:


Innate Abilities, Weirdness & Mutations

Your body is rotting away.
You thrive on raw meat.
You are immune to poison.
You have sharp fingernails.
You are carnivorous and can eat meat at any time.
Your flesh is cold resistant. (rC+)
You are immune to negative energy. (rN+++)
You do not regenerate when monsters are visible.
You are immune to unholy pain and torment.
You can survive without breathing.


Message History

You drop a +0 robe.
As you read the scroll labeled LAS SAB BOIPS, it crumbles to dust.
You smell the scent of fear.
It was a scroll of random uselessness.
As you read the scroll labeled YDUMUU JOONUE, it crumbles to dust.
You feel momentarily disoriented.
It was a scroll of magic mapping.
You aren't carrying any scrolls.
There is a stone staircase leading down here.
You climb downwards.
The orc shouts!
The orc priest casts a cantrip, but nothing happens.
There is a stone staircase leading up here.
The orc hits you but does no damage.
The orc priest hits you but does no damage.
Space warps horribly around you!!
Ouch! That really hurt!
There is a stone staircase leading up here.
The orc priest calls down the wrath of Beogh upon you.
Beogh smites you!
Ouch! That really hurt!
You die...

......#..## #.....
.......)### #.....
###..#..÷<. #....#
###....###. ##....#.
............
###.....##.###..#######
##..?....##.###.########
...##...................
.......@(.......########
.###.##oo........#######
#....................
##...................
##..........#######.
##........## ⌠$# #
##.......# ..#
.......#...##.#.o.....#
..####..#.###.#.≈o.o≈.#


You could see an orc priest and an orc.

Vanquished Creatures
  An adder (D:2)
  3 dart slugs (D:1)
  2 orcs (D:1)
  6 goblins (D:1)
  3 hobgoblins
  3 kobolds
  2 bats (D:1)
  3 frilled lizards (D:1)
  5 rats
28 creatures vanquished.

Notes
Turn   | Place    | Note
-------+----------+-------------------------------------------
     0 | D:1      | Borgoz the Ghoul Monk began the quest for the Orb.
     0 | D:1      | Reached XP level 1. HP: 19/19 MP: 0/0
    93 | D:1      | Reached XP level 2. HP: 19/26 MP: 1/1
   336 | D:1      | Reached skill level 1 in Armour
   474 | D:1      | Reached XP level 3. HP: 30/31 MP: 2/2
   961 | D:2      | Killed from afar by an orc priest

Levels and vault maps discovered:
D:1:      dpeg_arrival_lava_temple_mockup, layout_loops_ring
D:2:      cheibrodos_pilgrimage, layout_rooms, uniq_terence

Skill      XL: |  1  2 |
---------------+-------+-----
Short Blades   | 3 |  3.2
Armour         | 1 |  1.3
Fighting       | |  3.6
Dodging        | |  2.9
Stealth        | |  2.1

Action                   || total
-------------------------++-------
Melee: Short sword       ||   131
  Use: Scroll            ||     2
 Stab: Sleeping          ||     1
  Eat: Chunk             ||    12
Armor: Robe              ||    14
       Chain mail        ||     2
Dodge: Dodged            ||    82

Table legend:
 A = Non-vault XP
 B = Vault XP
 C = Vault XP percentage of total XP
 D = Non-vault monster count
 E = Vault monster count
 F = Vault count percentage of total count
                 A         B        C        D         E       F
            +---------+---------+-------+---------+---------+-------
      Total |      56 |       6 |   9.7 |      26 |       2 |   7.1
            +---------+---------+-------+---------+---------+-------
        D:1 |      37 |       6 |  14.0 |      21 |       2 |   8.7
        D:2 |      19 |       0 |   0.0 |       5 |       0 |   0.0
            +---------+---------+-------+---------+---------+-------
